 Dungeon Crawl Stone Soup version 0.27.1-15-g792fb953b9 (webtiles) character file.

Game seed: 7859538348989499043

42 spaced the Gusty (level 3, -2/19 HPs)
             Began as a Tengu Air Elementalist on Nov 19, 2021.
             Was an Initiate of Ashenzari.
             Slain by a gnoll (12 damage)
             ... on level 2 of the Dungeon.
             The game lasted 00:10:31 (1146 turns).

spaced the Gusty (Tengu Air Elementalist)           Turns: 1146, Time: 00:10:31

Health: -2/19      AC:  2    Str:  8    XL:     3   Next: 54%
Magic:  0/7        EV: 12    Int: 16    God:    Ashenzari [......]
Gold:   49         SH:  0    Dex: 14    Spells: 1/7 levels left

rFire    . . .     SeeInvis .   c - +1 short sword (protect)
rCold    . . .     Faith    .   (no shield)
rNeg     . . .     Spirit   .   a - +0 robe
rPois    .         Reflect  .   (helmet restricted)
rElec    .         Harm     .   (no cloak)
rCorr    .         Rampage  .   (no gloves)
Will     .....                  (boots unavailable)
Stlth    ++........             (no amulet)
HPRegen  0.06/turn              (no ring)
MPRegen  0.10/turn              (no ring)

@: very slightly contaminated
A: beak, talons 3
a: Renounce Religion, Curse Item


You were on level 2 of the Dungeon.
You worshipped Ashenzari.
Ashenzari was noncommittal.
You visited 1 branch of the dungeon, and saw 2 of its levels.

You collected 49 gold pieces.

Inventory:

Hand Weapons
 c - a +1 short sword of protection (weapon)
Missiles
 d - a throwing net (quivered)
Armour
 a - a +0 robe (worn)
Scrolls
 e - a scroll of immolation
Potions
 b - a potion of magic


   Skills:
 + Level 0.1 Fighting
 + Level 0.2 Short Blades
 + Level 2.3 Dodging
 + Level 2.2 Stealth
 + Level 2.5 Spellcasting
 + Level 2.1 Conjurations
 + Level 4.7 Air Magic


You had one spell level left.
You knew the following spells:

 Your Spells              Type           Power      Damage    Failure   Level
a - Shock                 Conj/Air       52%        1d6       4%          1
b - Swiftness             Air            17%        N/A       9%          3
c - Static Discharge      Conj/Air       13%        N/A       8%          2

Your spell library contained the following spells:

 Spells                   Type           Power      Damage    Failure   Level
 Airstrike                Air            8%         N/A       28%         4
 Summon Forest            Summ/Tloc      1%         N/A       99%         5
 Summon Mana Viper        Hex/Summ       2%         N/A       99%         5
 Shadow Creatures         Summ           N/A        N/A       100%        6


Dungeon Overview and Level Annotations

Branches:
Dungeon (2/15)

Altars:
Ashenzari
Yredelemnul


Innate Abilities, Weirdness & Mutations

You have a beak for a mouth.
You have claws for feet.


Message History

The gnoll shouts!
The bat hits you. The bat closely misses you. The bat barely misses you.
You see here a jackal corpse.
The bat closely misses you.
Unknown command.
Casting: Shock (safe; 4% risk of failure)
Confirm with . or Enter, or press ? or * to list all spells.
Aiming: Shock (safe; 4% risk of failure)
Press: ? - help, Shift-Dir - straight line, f/p - bat
Aim: a bat (52% to hit)
The zap misses the bat.
The bat hits you but does no damage. The bat hits you but does no damage.
Casting: Shock (safe; 4% risk of failure)
Confirm with . or Enter, or press ? or * to list all spells.
Aiming: Shock (safe; 4% risk of failure)
Press: ? - help, Shift-Dir - straight line, f - gnoll, p - bat
Aim: a gnoll, wielding a +0 flail (72% to hit)
The zap misses the gnoll.
The zap hits the gnoll.
The gnoll is moderately wounded.
The zap hits the gnoll.
The gnoll is lightly wounded.
The bat misses you.
Casting: Shock (safe; 4% risk of failure)
Confirm with . or Enter, or press ? or * to list all spells.
Aiming: Shock (safe; 4% risk of failure)
Press: ? - help, Shift-Dir - straight line, f/p - gnoll
Aim: a gnoll, wielding a +0 flail (lightly wounded, 72% to hit)
You miscast Shock.
You are very lightly contaminated with residual magic.
Nothing appears to happen.
The bat hits you but does no damage. The gnoll hits you with a +0 flail!
Casting: Shock (safe; 4% risk of failure)
Confirm with . or Enter, or press ? or * to list all spells.
You don't have enough magic to cast this spell.
As you read the scroll of summoning, it crumbles to dust.
Wisps of shadow whirl around you... The bat closely misses you.
The gnoll barely misses you. The gnoll hits you with a +0 flail!
Ouch! That really hurt!
You die...

### #.. #.# ####### # #g#
#.....#.# #########.#
#.###.#.##
........#@#######..<#.#...
........'gbhh.h...........
........#g#######.......##
#########g# #.###.#.#
#######g# #.#..[#.#
......).# #.#...#.#
........# #...... .
........# #.....#.#
..g...... ..........


You could see 4 gnolls, a bat (ally target), 3 friendly jackals and a friendly
hobgoblin (summoned).

Vanquished Creatures
  6 endoplasms
  3 giant cockroaches (D:1)
  3 hobgoblins
  5 jackals
  3 kobolds (D:1)
  2 quokkas (D:1)
  5 ball pythons (D:1)
  4 bats (D:1)
  2 frilled lizards (D:1)
  A goblin (D:1)
  2 rats
36 creatures vanquished.

Notes
Turn   | Place    | Note
-------+----------+-------------------------------------------
     0 | D:1      | spaced the Tengu Air Elementalist began the quest for the
                  | Orb.
     0 | D:1      | Reached XP level 1. HP: 10/10 MP: 4/4
   143 | D:1      | Reached XP level 2. HP: 12/15 MP: 1/6
   364 | D:1      | Found a faded altar of an unknown god.
   377 | D:1      | Became a worshipper of Yredelemnul the Dark
   377 | D:1      | Reached * piety under Yredelemnul
   381 | D:1      | Fell from the grace of Yredelemnul
   387 | D:1      | Found a faded altar of an unknown god.
   397 | D:1      | Became a worshipper of Ashenzari the Shackled
   545 | D:1      | Reached XP level 3. HP: 19/19 MP: 3/7
   827 | D:1      | Learned a level 3 spell: Swiftness
   830 | D:1      | Learned a level 2 spell: Static Discharge
  1146 | D:2      | Slain by a gnoll

Illustrated notes

Levels and vault maps discovered:
D:1:      mushboom_english_gardens, layout_basic,
          hellmonk_ecumenical_altar_the_god_not_taken, minmay_tromino_i4
D:2:      layout_basic

Skill      XL: |  1  2  3 |
---------------+----------+-----
Conjurations   | 2 |  2.1
Fighting       | |  0.1
Short Blades   | |  0.2
Dodging        | |  2.3
Stealth        | |  2.2
Spellcasting   | |  2.5
Air Magic      | |  4.7

Action                   || total
-------------------------++-------
Melee: Unarmed           ||    10
       Short sword       ||    25
       Peck              ||     5
       Kick              ||     6
Throw: Throwing net      ||     1
 Cast: Shock             ||    50
Invok: Renounce Religion ||     1
  Use: Scroll            ||     2
Armor: Robe              ||     8
Dodge: Dodged            ||    32
